 Dungeon Crawl Stone Soup version 0.21-a0-517-gd76cfe0 (webtiles) character file.

228 Firecrotchwizard the Charmwright (level 6, 50/50 HPs)
             Began as a Gnoll Skald on Dec 4, 2017.
             Quit the game on level 4 of the Dungeon.
             The game lasted 00:07:09 (2873 turns).

Firecrotchwizard the Charmwright (Gnoll Skald)      Turns: 2873, Time: 00:07:10

Health: 50/50      AC:  7    Str: 14    XL:     6   Next: 2%
Magic:  13/13      EV: 13    Int: 16    God:
Gold:   66         SH:  0    Dex: 15    Spells: 4/15 levels left

rFire    . . .     SeeInvis .   w - +0 longbow (curse)
rCold    . . .     Gourm    .   (shield currently unavailable)
rNeg     . . .     Faith    .   h - +0 ring mail
rPois    .         Spirit   .   m - +1 helmet
rElec    .         Reflect  .   (no cloak)
rCorr    .         Harm     .   (no gloves)
MR       .....                  (no boots)
Stlth    ++........             (no amulet)
HPRegen  0.16/turn              v - ring of stealth {Stlth+}
MPRegen  0.13/turn              (no ring)

@: no status effects
A: distributed training, fangs 1, strong nose
a: no special abilities


You were on level 4 of the Dungeon.
You were hungry.

You visited 1 branch of the dungeon, and saw 4 of its levels.

You collected 66 gold pieces.

Inventory:

Hand Weapons
 a - a +0 spear
 s - a cursed -2 dagger
   (You found it on level 2 of the Dungeon)
 t - a +3 whip
   (You found it on level 2 of the Dungeon)
 w - a cursed +0 longbow (weapon)
   (You found it on level 4 of the Dungeon)
Armour
 b - a +0 leather armour
 h - a +0 ring mail (worn)
   (You found it on level 1 of the Dungeon)
 m - a +1 helmet (worn)
   (You found it on level 1 of the Dungeon)
Jewellery
 v - a ring of stealth (left hand) {Stlth+}
   (You found it on level 2 of the Dungeon)
Scrolls
 n - 2 scrolls of blinking {!r}
 r - 2 scrolls of identify
Potions
 e - a potion of degeneration {unknown}
 g - 4 potions of lignification {unknown}
 j - 2 potions of heal wounds {unknown}
 k - a potion of might {unknown}
 l - a potion of cancellation {unknown}
 u - a potion of flight {unknown}
 x - a potion of mutation {unknown}
Books
 c - a book of Battle
Comestibles
 d - a bread ration {@e1}


   Skills:
 + Level 4.9 Fighting
 + Level 1.7 Short Blades
 + Level 1.7 Long Blades
 + Level 1.7 Axes
 + Level 1.7 Maces & Flails
 + Level 4.9 Polearms
 + Level 1.7 Staves
 + Level 1.7 Slings
 + Level 1.7 Bows
 + Level 1.7 Crossbows
 + Level 1.7 Throwing
 + Level 3.1 Armour
 + Level 4.9 Dodging
 + Level 1.7 Stealth
 + Level 1.7 Shields
 + Level 1.7 Unarmed Combat
 + Level 5.2 Spellcasting
 + Level 1.3 Conjurations
 + Level 1.3 Hexes
 + Level 5.6 Charms
 + Level 1.3 Summonings
 + Level 1.3 Necromancy
 + Level 1.3 Translocations
 + Level 1.3 Transmutations
 + Level 1.3 Fire Magic
 + Level 1.3 Ice Magic
 + Level 1.3 Air Magic
 + Level 1.3 Earth Magic
 + Level 1.3 Poison Magic
 + Level 1.9 Invocations
 + Level 1.7 Evocations


You had 4 spell levels left.
You knew the following spells:

 Your Spells              Type           Power        Failure   Level  Hunger
a - Infusion              Chrm           ###.         3%          1    None
r - Regeneration          Chrm/Necr      ###.......   22%         3    ###....
s - Shroud of Golubria    Chrm/Tloc      ###.......   11%         2    #......
z - Spectral Weapon       Hex/Chrm       ###.....     22%         3    ###....
S - Song of Slaying       Chrm           ###.....     4%          2    #......


Dungeon Overview and Level Annotations

Branches:
Dungeon (4/15)
 Temple: D:4-7

Altars:
Nemelex Xobeh
Ru

Annotations:
D:3 slep's ghost, amateur HOGl


Innate Abilities, Weirdness & Mutations

Your experience applies equally to all skills.
You have very sharp teeth.
Your uncanny sense of smell can sniff out nearby items.


Message History

The bullfrog closely misses you. The bullfrog completely misses you.
You hit the bullfrog! Your bite misses the bullfrog.
The bullfrog hits you but does no damage.
You now have 8/12 mp.
You barely miss the bullfrog. The bullfrog completely misses you.
The bullfrog closely misses you.
You hit the bullfrog! The bullfrog hits you.
Your shroud falls apart!
You take 4 damage, and have 39/43 hp.
You now have 7/12 mp.
You hit the bullfrog.
You kill the bullfrog!
Your Armour skill increases to level 3!
You now have 6/12 mp.
No target in view!
You start resting.
Your magical infusion is running out.
You regained 3 hp, and now have 42/43 hp.
You regained 3 mp, and now have 9/12 mp.
You start resting.
You are no longer magically infusing your attacks.
Health restored: 43
There is a stone staircase leading down here.
Found a sparkling altar of Nemelex Xobeh.
MP restored: 12
There is a fountain of sparkling water here.
There is a sparkling altar of Nemelex Xobeh here.
There is a fountain of sparkling water here.
There is a fountain of sparkling water here.
Done exploring.
(D) Dungeon
Where to? (Enter - D:3, ? - help)
Okay, then.
(D) Dungeon
Where to? (Enter - D:3, ? - help)
There is a stone staircase leading down here.
You climb downwards.
An adder and an ogre come into view.
The ogre shouts!
The adder hisses angrily.
Found 33 stones and a purple potion.
Found a stone staircase leading up.
There is a stone staircase leading up here.
The adder bites you.
You climb upwards.
Level annotation: slep's ghost, amateur HOGl
There is a stone staircase leading down here.
You begin infusing your attacks with magical energy.
The adder barely misses you.
You now have 11/12 mp.
You barely miss the adder. The adder misses you. The adder barely misses you.
You hit the adder! Your bite misses the adder.
The adder bites you but does no damage.
You now have 10/12 mp.
You hit the adder.
You kill the adder!
You have reached level 6!
Your experience leads to an increase in your attributes!
Increase (S)trength, (I)ntelligence, or (D)exterity?
You feel agile.
Health restored: 50 You now have 9/13 mp.
Your magical infusion is running out.
You are feeling hungry.
You regained 2 mp, and now have 11/13 mp.
You are no longer magically infusing your attacks.
Here: slep's ghost (hasn't noticed you)
The floor.
MP restored: 13
There is a stone staircase leading down here.
You climb downwards.
Found a runed longbow.
Found an escape hatch in the ceiling.
There is a stone staircase leading up here.
You may need something to eat soon, looking for food.
Can't find anything matching that.
Sorry, you're not good enough to have a special ability.
You found a teleport trap!
w - a runed longbow It sticks to your hand!
w - a cursed +0 longbow (weapon)
As you read the scroll labeled COSTRU RAMA, it crumbles to dust.
It is a scroll of identify.
n - 2 scrolls of blinking
As you read the scroll labeled ICVEK TASHREP, it crumbles to dust.
You feel aware of your surroundings.
It was a scroll of magic mapping.
As you read the scroll labeled KAOSKEL ODUOM, it crumbles to dust.
You hear a loud clanging noise!
It was a scroll of noise.
As you read the scroll labeled KENIYZ GUQOYZ, it crumbles to dust.
The air around you briefly surges with heat, but it dissipates.
It was a scroll of immolation.
As you read the scroll labeled OTULIG ORAHI, it crumbles to dust.
It is a scroll of enchant armour.
Your +0 helmet glows green for a moment.
As you read the scroll labeled TYPPUD KI DAM, it crumbles to dust.
You assume a fearsome visage.
Nothing appears to happen.
It was a scroll of fear.
You may need something to eat soon, looking for food.
Can't find anything matching that.
Sorry, you're not good enough to have a special ability.
Your cursed +0 longbow vibrates crazily for a second.
Quiver which item? (- for none, * to show all) (? for menu, Esc to quit)
Okay, then.

***.......!...,...,,
*#.......##.,....,
#..........,.....
#...<.(.###*#.###
#.......###**,,,,
#$.......O.,,,,,,
#.....#####*****,
#######....##,* **
#######.....@...##,,******
#<..<....####..##∆,,,,,,,*
#........# #(.+,,,⌠,,,>,*
#...^....# #..#*,,,,,∆,,*
#........# ##..**,,******
#........# ##..**,*
#........# *#.#*,*
#........# *.#*,*
#........# *,**,*


There were no monsters in sight!

Vanquished Creatures
  A bullfrog (D:3)
  Jessica (D:2)
  Natasha (D:2)
  3 adders
  3 worms
  A dart slug (D:2)
  3 leopard geckos
  5 orcs (D:3)
  A ball python (D:1)
  3 giant cockroaches
  6 goblins
  6 hobgoblins
  A quokka (D:2)
  15 bats
  5 frilled lizards
  5 kobolds
  7 rats
67 creatures vanquished.

Notes
Turn   | Place    | Note
-------+----------+-------------------------------------------
     0 | D:1      | Firecrotchwizard the Gnoll Skald began the quest for the Orb.
     0 | D:1      | Reached XP level 1. HP: 20/20 MP: 6/6
   231 | D:1      | Reached XP level 2. HP: 21/26 MP: 7/7
   246 | D:1      | Learned a level 2 spell: Song of Slaying
   249 | D:1      | Learned a level 2 spell: Shroud of Golubria
   454 | D:1      | Reached XP level 3. HP: 31/31 MP: 2/9
   580 | D:1      | Reached skill level 5 in Spellcasting
   956 | D:1      | Learned a level 3 spell: Spectral Weapon
   960 | D:1      | Learned a level 3 spell: Regeneration
  1104 | D:2      | Noticed Jessica
  1108 | D:2      | Reached skill level 1 in Invocations
  1113 | D:2      | Killed Jessica
  1113 | D:2      | Reached skill level 1 in Short Blades
  1113 | D:2      | Reached skill level 1 in Long Blades
  1113 | D:2      | Reached skill level 1 in Axes
  1113 | D:2      | Reached skill level 1 in Maces & Flails
  1113 | D:2      | Reached skill level 1 in Staves
  1113 | D:2      | Reached skill level 1 in Slings
  1113 | D:2      | Reached skill level 1 in Bows
  1113 | D:2      | Reached skill level 1 in Crossbows
  1113 | D:2      | Reached skill level 1 in Throwing
  1113 | D:2      | Reached skill level 1 in Stealth
  1113 | D:2      | Reached skill level 1 in Shields
  1113 | D:2      | Reached skill level 1 in Unarmed Combat
  1113 | D:2      | Reached skill level 1 in Evocations
  1113 | D:2      | Reached XP level 4. HP: 38/38 MP: 1/11
  1551 | D:2      | Reached skill level 1 in Conjurations
  1551 | D:2      | Reached skill level 1 in Hexes
  1551 | D:2      | Reached skill level 1 in Summonings
  1551 | D:2      | Reached skill level 1 in Necromancy
  1551 | D:2      | Reached skill level 1 in Translocations
  1551 | D:2      | Reached skill level 1 in Transmutations
  1551 | D:2      | Reached skill level 1 in Fire Magic
  1551 | D:2      | Reached skill level 1 in Ice Magic
  1551 | D:2      | Reached skill level 1 in Air Magic
  1551 | D:2      | Reached skill level 1 in Earth Magic
  1551 | D:2      | Reached skill level 1 in Poison Magic
  1660 | D:2      | Noticed Natasha
  1668 | D:2      | Killed Natasha
  1668 | D:2      | Reached XP level 5. HP: 35/43 MP: 1/12
  1828 | D:2      | Found a sacrificial altar of Ru.
  2485 | D:3      | Noticed slep's ghost (amateur HOGl)
  2635 | D:3      | Reached skill level 3 in Armour
  2701 | D:3      | Found a sparkling altar of Nemelex Xobeh.
  2767 | D:4      | Noticed an ogre
  2776 | D:3      | Reached XP level 6. HP: 50/50 MP: 9/13
  2873 | D:4      | Quit the game

Vault maps used:
D:1:      mrwooster_arrival_statue_2, minmay_tromino_v4_a
D:2:      nicolae_ru_path_of_blood, uniq_natasha, uniq_jessica
D:3:      serial_aquarium, aquarium_bridge_square, aquarium_window_fake,
          aquarium_window_corner, aquarium_view_2b, aquarium_balcony_5a,
          hangedman_decor_growths, nemelex_xobeh_ov_fountains_minmay
D:4:      grunt_ministairs_14

Skill      XL: |  1  2  3  4  5 |
---------------+----------------+-----
Spellcasting   | 5 |  5.2
Invocations    | 1 |  1.9
Short Blades   | 1 |  1.7
Long Blades    | 1 |  1.7
Axes           | 1 |  1.7
Maces & Flails | 1 |  1.7
Staves         | 1 |  1.7
Slings         | 1 |  1.7
Bows           | 1 |  1.7
Crossbows      | 1 |  1.7
Throwing       | 1 |  1.7
Stealth        | 1 |  1.7
Shields        | 1 |  1.7
Unarmed Combat | 1 |  1.7
Evocations     | 1 |  1.7
Conjurations   | 1 |  1.3
Hexes          | 1 |  1.3
Summonings     | 1 |  1.3
Necromancy     | 1 |  1.3
Translocations | 1 |  1.3
Transmutations | 1 |  1.3
Fire Magic     | 1 |  1.3
Ice Magic      | 1 |  1.3
Air Magic      | 1 |  1.3
Earth Magic    | 1 |  1.3
Poison Magic   | 1 |  1.3
Armour         | 3 |  3.1
Fighting       | |  4.9
Polearms       | |  4.9
Dodging        | |  4.9
Charms         | |  5.6

Action                   |  1- 3 |  4- 6 || total
-------------------------+-------+-------++-------
Melee: Spear             |   140 |   134 ||   274
       Bite              |    11 |    19 ||    30
 Cast: Infusion          |     5 |     7 ||    12
       Shroud of Golubri |     2 |     4 ||     6
       Spectral Weapon   |     1 |     1 ||     2
  Use: Scroll            |       |     6 ||     6
 Stab: Sleeping          |     2 |     3 ||     5
  Eat: Chunk             |     1 |     5 ||     6
Armor: Leather armour    |    11 |       ||    11
       Ring mail         |    17 |    27 ||    44
Dodge: Dodged            |    70 |    70 ||   140

Table legend:
 A = Spawn XP
 B = Non-spawn XP
 C = Spawn XP percentage of total XP
 D = Spawn monster count
 E = Non-spawn monster count
 F = Spawn count percentage of total count
 G = Total turns spent on level
                    A         B        C        D         E        F      G
               +---------+---------+-------+---------+---------+-------+---------
         Total |       0 |     327 |   0.0 |       0 |      67 |   0.0 |  2873
               +---------+---------+-------+---------+---------+-------+---------
           D:1 |       0 |      47 |   0.0 |       0 |      30 |   0.0 |   963
           D:2 |       0 |     134 |   0.0 |       0 |      21 |   0.0 |  1136
           D:3 |       0 |     146 |   0.0 |       0 |      16 |   0.0 |   734
               +---------+---------+-------+---------+---------+-------+---------

Vault maps used:
D:1:      mrwooster_arrival_statue_2, minmay_tromino_v4_a
D:2:      nicolae_ru_path_of_blood, uniq_natasha, uniq_jessica
D:3:      serial_aquarium, aquarium_bridge_square, aquarium_window_fake,
          aquarium_window_corner, aquarium_view_2b, aquarium_balcony_5a,
          hangedman_decor_growths, nemelex_xobeh_ov_fountains_minmay
D:4:      grunt_ministairs_14

Table legend:
 A = Turns spent in this place as a percentage of turns spent in the entire game.
 B = Non-inter-level travel turns spent in this place as a percentage of non-inter-level travel turns spent in the entire game.
 C = Inter-level travel turns spent in this place as a percentage of turns spent in this place.
 D = Turns resting spent in this place as a percentage of non-inter-level travel turns spent in this place.
 E = Turns spent auto-exploring this place as a percentage of non-inter-level travel turns spent in this place.
 F = Non-inter-level travel turns spent in this place divided by the number of levels of this place that you've seen.
                   A       B       C       D       E      F
               +-------+-------+-------+-------+-------+----------------------
         Total | 100.0 | 100.0 |   2.3 |  25.9 |  53.4 | 701.8
       Dungeon | 100.0 | 100.0 |   2.3 |  25.9 |  53.4 | 701.8
               +-------+-------+-------+-------+-------+----------------------

Table legend:
 A = Kills in this place as a percentage of kills in entire the game.
 B = Kills by you in this place as a percentage of kills by you in the entire game.
 C = Kills by friends in this place as a percentage of kills by friends in the entire game.
 D = Other kills in this place as a percentage of other kills in the entire game.
 E = Experience gained in this place as a percentage of experience gained in the entire game.
 F = Experience gained in this place divided by the number of levels of this place that you have seen.
                   A       B       C       D       E      F
               +-------+-------+-------+-------+-------+----------------------
         Total | 100.0 | 100.0 |   N/A |   N/A | 100.0 |  81.8
       Dungeon | 100.0 | 100.0 |   N/A |   N/A | 100.0 |  81.8
               +-------+-------+-------+-------+-------+----------------------
